AoeStats
← BombaKladSon

Black Forest

509597505Analyzed
4v4 RM · 4d ago on Sep 27, 2026· 45m 49s· 8 players
Game mode
Random Map
Map size
Large (8 player)
Population
200
Speed
Normal
Resources
Standard
Victory
Conquest
Starting age
Dark Age
Ending age
Imperial Age
RankedLock teamsTeams togetherTeam positionsShared explorationLock speedFull tech treeHidden civsTurbo modeCheats
Victory
Defeat
🇨🇿 Dravidians · Czechia
1019
+15
🇩🇪 Britons · Germany
1007
+15
🇨🇳 Khmer · China
993
+16
987
+16
🇨🇳 Bohemians · China
1035
-17
1002
-16
🇳🇱 Saracens · Netherlands
969
-15
🇹🇷 Armenians · Türkiye
963
-14
Apollo
1:38 Loom
11:40 Feudal Age
12:58 Town Watch
16:29 Castle Age
15:09 Stone Mining
16:17 Double-Bit Axe
17:15 Horse Collar
18:52 Heavy Plow
24:42 Bow Saw
25:46 Wheelbarrow
25:46 Fletching
26:14 Gold Mining
27:03 Padded Archer Armor
31:44 Imperial Age
29:48 Bodkin Arrow
29:57 Scale Mail Armor
31:56 Pikeman
32:37 Squires
34:26 Two-Man Saw
33:59 Conscription
34:07 Conscription
34:18 Fortified Wall
34:28 Ballistics
35:11 Hand Cart
36:44 Leather Archer Armor
37:33 Bracer
39:16 Yeomen
39:05 Elite Longbowman
42:44 Chemistry
42:16 Ring Archer Armor
41:58 Forging
43:29 Warwolf
44:28 Fervor
44:44 Chain Mail Armor
45:04 Iron Casting
45:33 Halberdier
Deadshot
10:03 Loom
12:17 Feudal Age
16:05 Castle Age
14:52 Double-Bit Axe
14:55 Fishing Lines
17:27 Bow Saw
17:53 Horse Collar
22:11 Gillnets
25:19 Wheelbarrow
24:35 Fletching
24:46 Padded Archer Armor
25:39 Heavy Plow
25:35 Gold Mining
25:35 Stone Mining
29:17 Bodkin Arrow
29:37 Leather Archer Armor
29:28 Pikeman
32:46 Imperial Age
30:28 Squires
30:31 Scale Mail Armor
30:41 Forging
30:56 Ballistics
32:03 Chain Mail Armor
33:18 Hand Cart
32:48 Town Watch
33:21 Thumb Ring
33:03 Elite Elephant Archer
33:46 Bracer
34:16 Ring Archer Armor
34:17 Plate Mail Armor
34:23 Iron Casting
35:13 Two-Man Saw
33:48 Halberdier
36:38 Chemistry
35:49 Masonry
37:05 Onager
38:06 Onager
214547429
11:46 Feudal Age
16:50 Castle Age
18:28 Double-Bit Axe
20:17 Wheelbarrow
19:28 Horse Collar
21:08 Loom
22:14 Bow Saw
22:09 Heavy Plow
25:10 Hand Cart
28:53 Gold Mining
31:49 Imperial Age
31:30 Arson
31:46 Town Watch
31:48 Pikeman
33:22 Gold Shaft Mining
32:37 Stone Mining
34:21 Scale Mail Armor
34:32 Forging
34:57 Halberdier
36:09 Chain Mail Armor
36:29 Iron Casting
37:29 Double Crossbow
36:50 Elite Ballista Elephant
39:44 Ballistics
40:25 Chemistry
39:36 Town Patrol
40:52 Blast Furnace
39:57 Scale Barding Armor
39:43 Light Cavalry
40:33 Bloodlines
40:23 Husbandry
41:02 Hussar
43:01 Caravan
43:31 Coinage
45:24 Chain Barding Armor
victor.rodrigo159753
11:48 Feudal Age
13:11 Wheelbarrow
12:25 Double-Bit Axe
12:23 Horse Collar
19:38 Castle Age
20:48 Hand Cart
20:48 Bow Saw
21:01 Heavy Plow
29:25 Imperial Age
30:28 Chemistry
29:49 Ballistics
31:17 Caravan
32:38 Pikeman
33:18 Squires
34:40 Arson
36:45 Two-Man Saw
35:59 Forging
35:50 Scale Mail Armor
35:50 Padded Archer Armor
35:41 Fletching
36:56 Halberdier
38:35 Houfnice
40:22 Chain Mail Armor
40:42 Iron Casting
40:23 Leather Archer Armor
40:03 Bodkin Arrow
40:20 Wagenburg Tactics
40:36 Conscription
40:23 Elite Skirmisher
45:15 Conscription
BombaKladSon
0:26 Loom
12:27 Feudal Age
14:14 Double-Bit Axe
18:05 Castle Age
16:03 Stone Mining
16:13 Horse Collar
16:55 Gold Mining
19:41 Wheelbarrow
19:19 Bow Saw
29:56 Gold Shaft Mining
31:25 Hand Cart
35:00 Imperial Age
32:58 Ballistics
32:51 Forging
32:42 Scale Mail Armor
32:50 Scale Barding Armor
32:35 Town Watch
33:27 Heavy Plow
33:54 Caravan
34:57 Chain Mail Armor
35:28 Iron Casting
38:17 Pikeman
40:27 Onager
squeezecheese21
1:13 Loom
13:29 Feudal Age
14:08 Double-Bit Axe
14:05 Horse Collar
14:18 Stone Mining
14:28 Town Watch
15:20 Wheelbarrow
15:09 Gold Mining
17:06 Fishing Lines
22:54 Castle Age
23:04 Fletching
23:14 Padded Archer Armor
23:36 Town Patrol
23:51 Hand Cart
23:40 Heavy Plow
24:02 Bow Saw
23:55 Gillnets
25:54 Hand Cart
26:55 Leather Archer Armor
26:35 Bodkin Arrow
27:28 Caravan
29:05 Forging
28:56 Scale Mail Armor
32:34 Gold Shaft Mining
36:09 Imperial Age
34:13 Squires
35:54 Ballistics
35:04 Man-at-Arms
35:30 Gambesons
36:24 Iron Casting
36:04 Chain Mail Armor
36:11 Long Swordsman
36:22 Elite Composite Bowman
38:05 Chemistry
37:48 Conscription
37:51 Fereters
38:06 Bracer
39:23 Ring Archer Armor
40:25 Iron Casting
40:17 Chain Mail Armor
40:24 Masonry
39:54 Two-Handed Swordsman
40:50 Treadmill Crane
41:57 Champion
44:12 Coinage
44:46 Plate Mail Armor
45:30 Banking
趣味鸡动哥
5:56 Loom
13:53 Feudal Age
15:23 Double-Bit Axe
15:19 Horse Collar
16:33 Wheelbarrow
18:51 Castle Age
21:11 Bow Saw
21:03 Heavy Plow
23:16 Fervor
27:17 Hand Cart
31:45 Imperial Age
29:56 Town Watch
31:05 Scale Mail Armor
31:15 Forging
32:18 Chain Mail Armor
32:38 Iron Casting
31:26 Pikeman
32:06 Squires
33:10 Wagenburg Tactics
33:38 Plate Mail Armor
32:30 Halberdier
32:57 Arson
34:19 Chemistry
33:30 Siege Engineers
35:48 Blast Furnace
34:49 Padded Archer Armor
36:03 Conscription
36:10 Ballistics
37:05 Two-Man Saw
37:43 Bombard Tower
38:18 Fletching
38:44 Leather Archer Armor
39:39 Houfnice
41:37 Ring Archer Armor
41:03 Bodkin Arrow
42:05 Fortified Wall
42:06 Masonry
45:35 Architecture
44:57 Guard Tower
44:52 Arrowslits
开局投降是歹人
5:54 Loom
10:46 Feudal Age
11:16 Double-Bit Axe
11:16 Horse Collar
17:57 Castle Age
17:07 Scale Barding Armor
17:13 Forging
17:03 Fletching
18:47 Stone Mining
29:58 Imperial Age
27:50 Gold Mining
28:17 Bow Saw
28:41 Svan Towers
28:56 Guard Tower
30:19 Stone Shaft Mining
29:43 Murder Holes
30:09 Ballistics
29:59 Bodkin Arrow
32:02 Wheelbarrow
31:28 Elite Skirmisher
33:30 Bracer
33:51 Chain Barding Armor
34:34 Keep
34:43 Elite Monaspa
37:18 Arrowslits
37:35 Padded Archer Armor
37:46 Forging
37:36 Scale Mail Armor
39:41 Chemistry
38:59 Leather Archer Armor
39:58 Plate Barding Armor
41:24 Forging
41:14 Scale Mail Armor
41:46 Bloodlines
41:36 Husbandry
40:57 Light Cavalry
41:45 Heavy Plow
42:01 Masonry
41:34 Treadmill Crane
44:43 Guilds
45:17 Iron Casting
44:57 Chain Mail Armor
Connection lost

Rejoining the realm…

Still unreachable

The connection could not be restored.

Session expired

The server has moved on; the page needs a fresh start.